 Dungeon Crawl Stone Soup version 0.23.1-38-g628c18f (webtiles) character file.

Game seed: 10126744444963345224

172 Borgoz the Cutter (level 5, 0/35 HPs)
             Began as a Kobold Gladiator on Mar 28, 2019.
             Succumbed to an adder's poison
             ... on level 3 of the Dungeon.
             The game lasted 00:03:24 (2062 turns).

Borgoz the Cutter (Kobold Gladiator)                Turns: 2062, Time: 00:03:24

Health: 0/35       AC:  4    Str: 12    XL:     5   Next: 82%
Magic:  5/5        EV: 17    Int: 10    God:
Gold:   49         SH:  0    Dex: 16    Spells: 4/4 levels left

rFire    . . .     SeeInvis .   a - +0 rapier
rCold    . . .     Gourm    .   (shield restricted)
rNeg     . . .     Faith    .   b - +0 leather armour
rPois    .         Spirit   .   c - +0 helmet
rElec    .         Reflect  .   (no cloak)
rCorr    .         Harm     .   (no gloves)
MR       .....                  (no boots)
Stlth    ++........             (no amulet)
HPRegen  0.11/turn              (no ring)
MPRegen  0.09/turn              (no ring)

@: lethally poisoned (0 -> -3)
A: small, hooves 1, carnivore, deterioration 1, robust 1
a: no special abilities


You were on level 3 of the Dungeon.
You were completely stuffed.

You visited 1 branch of the dungeon, and saw 3 of its levels.

You collected 49 gold pieces.

Inventory:

Hand Weapons
 a - a +0 rapier (weapon)
 l - a +0 rapier
Armour
 b - a +0 leather armour (worn)
 c - a +0 helmet (worn)
Scrolls
 e - 2 scrolls of identify {unknown}
 h - a scroll of enchant armour {unknown}
 i - a scroll of blinking {unknown}
 j - 3 scrolls of remove curse {unknown}
Comestibles
 f - 3 rations
 g - 3 chunks of flesh


   Skills:
 + Level 2.8 Fighting
 * Level 5.2 Short Blades
 - Level 2.1 Throwing
 * Level 1.9 Armour
 * Level 4.9 Dodging
 + Level 2.0 Stealth


You had 4 spell levels left.
You didn't know any spells.
Your spell library was empty.

Dungeon Overview and Level Annotations

Branches:
Dungeon (3/15)

Altars:
Nemelex Xobeh


Innate Abilities, Weirdness & Mutations

You are small and have problems with some larger weapons.
You are carnivorous and can eat meat at any time.
You have large cloven feet.
Your body sometimes deteriorates upon taking damage.
You are robust. (+10% HP)


Message History

The adder struggles against the net. x2
You barely miss the adder. You kick the adder.
The adder is severely wounded.
The adder struggles against the net.
The net rips apart, and the adder comes free!
You closely miss the adder.
The adder is severely wounded.
The adder barely misses you.
You miss the adder. Your kick misses the adder.
The adder is severely wounded.
The adder barely misses you.
You barely miss the adder. Your kick misses the adder.
The adder is severely wounded.
The adder bites you.
* * * LOW HITPOINT WARNING * * *
You are lethally poisoned!
The adder poisons you! The adder closely misses you.
You hit the adder.
The adder is severely wounded.
You die...

#### ...# ###### ...# .....
...# #...# ...##############
....#
................#####..####
....###......##.@S.....(..#
##...........#####..........
###.........................
...............####.........
..........####.####........g
.....##...####...##.##.#...g
#.##.##.#.).).##..... .#....
.......[#.###)....... .. ...
#....#.†..# #####...#


You could see an adder.

Vanquished Creatures
  7 gnolls (D:2)
  2 adders (D:3)
  An ooze (D:3)
  2 worms (D:2)
  4 dart slugs
  3 leopard geckos
  6 orcs (D:3)
  2 giant cockroaches (D:2)
  6 goblins
  4 hobgoblins
  3 jackals (D:1)
  A ball python (D:1)
  4 bats
  6 frilled lizards
  11 kobolds
  6 rats
68 creatures vanquished.

Notes
Turn   | Place    | Note
-------+----------+-------------------------------------------
     0 | D:1      | Borgoz the Kobold Gladiator began the quest for the Orb.
     0 | D:1      | Reached XP level 1. HP: 12/12 MP: 1/1
    56 | D:1      | Reached XP level 2. HP: 17/17 MP: 2/2
   281 | D:1      | Reached XP level 3. HP: 22/22 MP: 3/3
   339 | D:1      | Reached skill level 1 in Stealth
   377 | D:1      | Reached skill level 1 in Armour
   742 | D:2      | Found a sparkling altar of Nemelex Xobeh.
   851 | D:2      | Reached XP level 4. HP: 10/27 MP: 4/4
  1302 | D:2      | Reached XP level 5. HP: 31/31 MP: 5/5
  1306 | D:2      | Reached skill level 5 in Short Blades
  2052 | D:3      | HP: 1/32 [adder (2)]
  2053 | D:3      | Gained mutation: You have large cloven feet. [potion of
                  | mutation]
  2053 | D:3      | Gained mutation: Your body sometimes deteriorates upon
                  | taking damage. [potion of mutation]
  2053 | D:3      | Gained mutation: You are robust. (+10% HP) [potion of
                  | mutation]
  2061 | D:3      | HP: 1/35 [adder (1)]
  2062 | D:3      | Succumbed to an adder's poison

Skill      XL: |  1  2  3  4  5 |
---------------+----------------+-----
Dodging        | 4 |  4.9
Stealth        | 1 2 |  2.0
Armour         | 1 |  1.9
Short Blades   | 5 |  5.2
Fighting       | |  2.8
Throwing       | |  2.1

Action                   |  1- 3 |  4- 6 || total
-------------------------+-------+-------++-------
Melee: Rapier            |   105 |   130 ||   235
       Kick              |       |     2 ||     2
Throw: Throwing net      |       |     3 ||     3
  Use: Potion            |       |     4 ||     4
 Stab: Sleeping          |     2 |     4 ||     6
  Eat: Chunk             |     8 |     4 ||    12
Armor: Leather armour    |    16 |    23 ||    39
       Skin              |       |    49 ||    49
Dodge: Dodged            |    66 |    92 ||   158
